 Dungeon Crawl Stone Soup version 0.30.1-9-gdf580d7c3d (webtiles) character file.

Game seed: 11282121890771643369

84 HappyNice the Slasher (level 4, -2/40 HPs)
             Began as a Draconian Berserker on Sept 28, 2023.
             Was a Follower of Trog.
             Slain by a gnoll
             ... wielding a +0 flail
             ... led by a gnoll bouda
              (4 damage)
             ... on level 2 of the Dungeon.
             The game lasted 00:02:26 (1065 turns).

HappyNice the Slasher (Draconian Berserker)         Turns: 1065, Time: 00:02:26

Health: -2/40      AC:  6    Str: 22    XL:     4   Next: 23%
Magic:  4/4        EV: 12    Int:  7    God:    Trog [*.....]
Gold:   25         SH:  3    Dex: 10    Spells: 3/3 levels left

rFire   . . .        a - +0 falchion
rCold   . . .        c - +0 buckler
rNeg    . . .        (body armour unavailable)
rPois   .            (helmet restricted)
rElec   .            (no cloak)
rCorr   .            (no gloves)
SInv    .            d - +0 pair of boots
Will    .....        (no amulet)
Stlth   +            (no ring)
HPRegen 0.26/turn    (no ring)
MPRegen 0.09/turn

%: no passive effects
@: on berserk cooldown, slowed, very slow
A: AC +5, unfitting armour, cold-blooded
a: Renounce Religion, Berserk


You were on level 2 of the Dungeon.
You worshipped Trog.
Trog was aware of your devotion.
You visited 1 branch of the dungeon, and saw 2 of its levels.

You collected 25 gold pieces.

Inventory:

Hand Weapons
 a - a +0 falchion (weapon)
Armour
 c - a +0 buckler (worn)
 d - a +0 pair of boots (worn)
Scrolls
 e - a scroll of poison {unknown}
Potions
 b - a potion of degeneration {unknown}


   Skills:
 + Level 3.7 Fighting
 + Level 4.3 Long Blades
 + Level 3.2 Dodging
 + Level 0.4 Stealth


You had 3 spell levels left.
You didn't know any spells.
Your spell library was empty.

Dungeon Overview and Level Annotations

Branches:
Dungeon (2/15)

Altars:


Innate Abilities, Weirdness & Mutations

Your plain brown scales are hard. (AC +5)
You cannot fit into any form of body armour.
You are cold-blooded and may be slowed by cold attacks.


Message History

The adder is almost dead.
The gnoll hits you but does no damage. The adder misses you.
You hit the adder.
You kill the adder!
Trog accepts your kill.
You have reached level 4!
You feel stronger.
Unknown command.
You closely miss the gnoll. You tail-slap the gnoll.
The gnoll is moderately wounded.
The gnoll hits you with a +0 whip.
A gnoll comes into view. It is wielding a +0 flail.
You slash the gnoll!
The gnoll is almost dead.
The gnoll hits you with a +0 club. The gnoll misses you.
You barely miss the gnoll.
The gnoll is almost dead.
You are no longer berserk.
You are exhausted.
You feel yourself slow down. The gnoll misses you. The gnoll barely misses you.
You hit the gnoll.
You kill the gnoll!
Trog accepts your kill. The gnoll hits you with a +0 club. x2
The gnoll misses you.
Items here: )) ††.
You closely miss the gnoll. The gnoll hits you with a +0 club.
* * * LOW HITPOINT WARNING * * *
You closely miss the gnoll.
Your tail-slap misses the gnoll.
The gnoll is no longer moving quickly.
The gnoll hits you with a +0 club.
* * * LOW HITPOINT WARNING * * *
The gnoll hits you but does no damage. The gnoll closely misses you.
The gnoll hits you with a +0 club.
* * * LOW HITPOINT WARNING * * *
The gnoll hits you with a +0 whip.
* * * LOW HITPOINT WARNING * * *
The gnoll closely misses you.
You hit the gnoll but do no damage. The gnoll barely misses you.
The gnoll closely misses you. The gnoll hits you with a +0 flail.
You die...

.... ..# .... #+#
#.# ....##.# #.#
.....#.#.#
#....#.#.# ###.#...
#.# #......###)# #
###.#......#g#.#####
...........g@....>..
###.###.##(#g....###
#<##.#?..###
####+#...# ....#
....# ....# ...###


You could see 3 gnolls.

Vanquished Creatures
  A gnoll bouda (D:2)
  2 gnolls (D:2)
  An adder (D:2)
  A dart slug (D:1)
  2 bats (D:1)
  2 endoplasms (D:1)
  A giant cockroach (D:1)
  3 goblins
  2 hobgoblins (D:1)
  A kobold (D:1)
  2 quokkas (D:1)
  4 ball pythons (D:1)
  2 rats (D:1)
24 creatures vanquished.

Notes
Turn   | Place    | Note
-------+----------+-------------------------------------------
     0 | D:1      | HappyNice the Draconian Berserker began the quest for the
                  | Orb.
     0 | D:1      | Reached XP level 1. HP: 19/19 MP: 1/1
   299 | D:1      | Reached XP level 2. HP: 26/26 MP: 2/2
  1048 | D:2      | Reached XP level 3. HP: 33/33 MP: 3/3
  1053 | D:2      | Reached skill level 4 in Long Blades
  1058 | D:2      | Reached XP level 4. HP: 38/40 MP: 4/4
  1064 | D:2      | HP: 2/40 [gnoll/+0 whip[a gnoll bouda] (3)]
  1065 | D:2      | Slain by a gnoll

Illustrated notes

Levels and vault maps discovered:
D:1:      eino_arrival_water_star, layout_basic, kennysheep_crisscross
D:2:      layout_basic, minmay_misc_feat_secret_circle

Skill      XL: |  1  2  3 |
---------------+----------+-----
Dodging        | 3 |  3.2
Long Blades    | 4 |  4.3
Fighting       | |  3.7
Stealth        | |  0.4

Action                     |  1- 3 |  4- 6 || total
---------------------------+-------+-------++-------
  Melee: Falchion          |    79 |     7 ||    86
         Tailslap          |     7 |     1 ||     8
 Invoke: Berserk           |     1 |       ||     1
 Armour: Skin              |    42 |     1 ||    43
  Dodge: Dodged            |    72 |     8 ||    80
  Block: Buckler           |     7 |       ||     7
